 Dungeon Crawl Stone Soup version 0.14-a0-405-gb95792f (webtiles) character file.

2546 PolkaDot the Jinx (level 9, -2/57 HPs)
             Began as a Vampire Enchanter on Oct 27, 2013.
             Was a Believer of Sif Muna.
             Shot with an arrow of flame by a centaur (15 damage)
             ... on Level 7 of the Dungeon.
             The game lasted 00:40:59 (7027 turns).

PolkaDot the Jinx (Vampire Enchanter)               Turns: 7027, Time: 00:40:59

HP  -2/57        AC  5     Str  7      XL: 9   Next: 10%
MP  15/15        EV 12     Int 21      God: Sif Muna [**....]
Gold 381         SH  0     Dex 14      Spells:  3 memorised,  1 level left

Res.Fire  : . . .   See Invis. : +   l - +0,+3 dagger (venom)
Res.Cold  : . . .   Warding    : .   m - +0 elf robe
Life Prot.: + + .   Conserve   : .   (no shield)
Res.Poison: .       Res.Corr.  : +   (no helmet)
Res.Elec. : .       Clarity    : .   e - +1 cloak {darkness}
Sust.Abil.: . .     Spirit.Shd : .   r - +0 pair of gauntlets
Res.Mut.  : .       Stasis     : .   (no boots)
Res.Rott. : .       Flight     : .   g - amulet of resist corrosion
Saprovore : . . .                    s - +1 ring of intelligence
                                     n - ring of positive energy

@: somewhat resistant to hostile enchantments, extremely stealthy
A: bottle blood, fangs 3, see invisible, unbreathing
a: Bat Form, Bottle Blood, Channel Energy, Forget Spell, Renounce Religion,
Evoke Invisibility


You were on level 7 of the Dungeon.
You worshipped Sif Muna.
Sif Muna was pleased with you.
You were not thirsty.

You visited 2 branches of the dungeon, and saw 8 of its levels.

You collected 361 gold pieces.

Inventory:

Hand weapons
 a - a +1,+0 dwarven sabre
 l - a +0,+3 dagger of venom (weapon)
Missiles
 d - 11 darts (quivered)
Armour
 e - a +1 cloak of darkness (worn)
 m - a +0 elven robe (worn)
 r - a +0 pair of gauntlets (worn)
Magical devices
 p - a wand of draining (8) {unknown}
Scrolls
 b - 2 scrolls of curse jewellery {unknown}
 f - 5 scrolls of identify
 i - 3 scrolls of enchant weapon II
 k - a scroll of recharging {unknown}
 q - a scroll of summoning {unknown}
 t - a scroll of remove curse
 u - 2 scrolls of enchant armour {unknown}
 v - a scroll of fog {unknown}
Jewellery
 g - an amulet of resist corrosion (around neck)
 n - a ring of positive energy (left hand)
 s - a +1 ring of intelligence (right hand)
 y - an uncursed ring of teleportation
Potions
 h - a potion of brilliance
 j - a potion of agility
 o - a potion of flight
 w - 4 potions of resistance
 x - 2 potions of curing
Books
 c - a book of Maledictions

   Spells                             Type                      Level
   *Corona                            Hexes                        1
   Sure Blade                         Hexes/Charms                 2
   Ensorcelled Hibernation            Hexes/Ice                    2
   *Confuse                           Hexes                        3
   Enslavement                        Hexes                        4
   *Invisibility                      Hexes                        6


   Skills:
 - Level 3.0 Short Blades
 - Level 0.7 Throwing
 - Level 2.1 Dodging
 - Level 10.7 Stealth
 + Level 1.5 Spellcasting
 * Level 13.4 Hexes
 - Level 1.1 Evocations


You had one spell level left.
You knew the following spells:

 Your Spells              Type           Power        Failure   Level  Hunger
A - Corona                Hex            ######.      1%          1    #......
C - Confuse               Hex            ######..     1%          3    ####...
I - Invisibility          Hex            ######..     12%         6    #######


Dungeon Overview and Level Annotations

Branches:
Dungeon (7/27)             Temple (1/1) D:6             Orc (0/4) D:7

Altars:
Ashenzari
Cheibriados
Elyvilon
Kikubaaqudgha
Makhleb
Nemelex Xobeh
Okawaru
Sif Muna
Trog
Vehumet
Xom
Yredelemnul
Zin
the Shining One

Annotations:
D:6 Menkaure


Innate Abilities, Weirdness & Mutations

You can bottle blood from corpses.
You have razor-sharp teeth.*
You have supernaturally acute eyesight.
You can survive without breathing.*


Message History

The centaur shouts!
The centaur wields a runed bow.
It bursts into flame!
The centaur shoots an arrow of flame.
The arrow of flame misses you.
You see here an arrow.
The centaur shoots an arrow of flame.
The arrow of flame hits you!
An orc comes into view. It is wielding an orcish short sword.
You see here an arrow.
The centaur shoots an arrow of flame.
The arrow of flame misses you.
You see here an arrow.
The centaur shoots an arrow of flame.
The arrow of flame misses you.
You see here an arrow.
The centaur shoots an arrow of flame.
The arrow of flame misses you.
You see here an arrow.
The centaur shoots an arrow of flame.
The arrow of flame hits you!
* * * LOW HITPOINT WARNING * * *
The centaur shoots an arrow of flame.
The arrow of flame misses you.
You see here an arrow.
The centaur shoots an arrow of flame.
The arrow of flame hits you!
One of your 4 scrolls of enchant weapon II catches fire!
You die...

#.........'.>.##..#
#.#c.....8#...##..#
#(#....#.#######..#
..######.#...#.##..# #..#
.........'....##...####..#
########.(..###..........#
#.#.## #########..#
########(#)############..#
.........@##..............
.........#)#.##########..#
#########'#.# #..# #.....#
#..# #.....# #..# #.....#
#..# #.....# #..# ###+#.#
### #..# #.#.. ..# #...


You could see a centaur.

Vanquished Creatures
  An orc warrior (D:7)
  The ghost of bd0 the Chopper, an average MiFi (D:3)
  An ice beast (D:7)
  6 giant goldfish (D:7)
  2 giant frogs
  An electric eel (D:7)
  3 jellyfish (D:7)
  5 killer bees (D:7)
  2 crimson imps (D:5)
  A hound (D:4)
  A centaur zombie (D:5)
  2 orc wizards (D:4)
  A centaur skeleton (D:4)
  Crazy Yiuf (D:2)
  A scorpion (D:5)
  4 big fish (D:7)
  6 worker ants
  10 adders
  A gnoll (D:1)
  2 giant mites
  7 worms
  A scorpion zombie (D:3)
  An adder skeleton (D:4)
  4 giant geckos
  An ooze (D:2)
  29 orcs
  A ball python (D:3)
  17 bats
  3 giant cockroaches
  13 hobgoblins
  4 jackals (D:5)
  4 quokkas
  8 giant newts
  9 goblins
  18 kobolds
  A kobold skeleton (D:5)
  An orc skeleton (D:4)
  13 rats
187 creatures vanquished.

Notes
Turn   | Place    | Note
--------------------------------------------------------------
     0 | D:1      | PolkaDot, the Vampire Enchanter, began the quest for the Orb.
     0 | D:1      | Reached XP level 1. HP: 13/13 MP: 4/4
   283 | D:1      | Reached XP level 2. HP: 19/19 MP: 5/5
   841 | D:1      | Reached XP level 3. HP: 17/24 MP: 4/6
  1103 | D:1      | Learned a level 3 spell: Confuse
  1464 | D:2      | Reached skill level 5 in Hexes
  1671 | D:2      | Found a sparkling altar of Nemelex Xobeh.
  2024 | D:2      | Reached XP level 4. HP: 17/30 MP: 8/8
  2282 | D:2      | Noticed Crazy Yiuf
  2298 | D:2      | Killed Crazy Yiuf
  2298 | D:2      | Reached skill level 5 in Stealth
  2482 | D:2      | Reached XP level 5. HP: 22/34 MP: 2/9
  2640 | D:3      | Reached skill level 6 in Hexes
  2700 | D:3      | Noticed bd0's ghost (average MiFi)
  3140 | D:2      | Reached skill level 1 in Evocations
  3792 | D:3      | Reached skill level 7 in Hexes
  3935 | D:3      | Killed bd0's ghost
  3935 | D:3      | Reached XP level 6. HP: 38/41 MP: 7/10
  3974 | D:4      | Reached skill level 8 in Hexes
  4204 | D:4      | Reached XP level 7. HP: 29/46 MP: 7/11
  4224 | D:5      | Entered Level 5 of the Dungeon
  4547 | D:5      | Reached skill level 9 in Hexes
  4685 | D:5      | Found an iron altar of Okawaru.
  4685 | D:5      | Found a glowing silver altar of Zin.
  4733 | D:6      | Found a staircase to the Ecumenical Temple.
  4743 | Temple   | Entered the Ecumenical Temple
  4826 | Temple   | Became a worshipper of Sif Muna the Loreminder
  5504 | D:5      | Reached skill level 10 in Hexes
  6074 | D:6      | Noticed Menkaure
  6168 | D:7      | Reached XP level 8. HP: 52/52 MP: 13/13
  6211 | D:7      | Acquired Sif Muna's first power
  6211 | D:7      | Reached skill level 11 in Hexes
  6446 | D:7      | Reached skill level 12 in Hexes
  6489 | D:7      | Reached skill level 10 in Stealth
  6637 | D:7      | Acquired Sif Muna's second power
  6637 | D:7      | Reached skill level 13 in Hexes
  6659 | D:7      | Reached XP level 9. HP: 27/57 MP: 1/14
  6667 | D:7      | Learned a level 6 spell: Invisibility
  7005 | D:7      | Found a staircase to the Orcish Mines.
  7027 | D:7      | Shot with an arrow of flame by a centaur

Action                   |  1- 3 |  4- 6 |  7- 9 || total
-------------------------+-------+-------+-------++-------
Melee: Dagger            |   167 |   147 |   281 ||   595
       Short sword       |       |    37 |       ||    37
Throw: Dart              |     1 |       |       ||     1
 Cast: Corona            |     7 |       |       ||     7
       Confuse           |     1 |    11 |    27 ||    39
 Abil: Evoke Invisibilit |       |     6 |     5 ||    11
  Use: Potion            |     4 |     6 |     7 ||    17
       Scroll            |       |     9 |     9 ||    18
 Stab: Sleeping          |     3 |    21 |    31 ||    55
       Confused          |     1 |     7 |    12 ||    20
       Invisible         |       |     3 |     6 ||     9
       Distracted        |       |     1 |     1 ||     2
